 Dungeon Crawl Stone Soup version 0.24-a0-809-g71cb82dfb8 (webtiles) character file.

Game seed: 11870979199862457360, levelgen mode: deterministic

35300 MisterOstroum the Covert (level 13, -1/99 HPs)
             Began as a Gnoll Enchanter on Oct 10, 2019.
             Was an Elder of Ashenzari.
             Killed from afar by an adder (36 damage)
             ... with an exploding inner flame
             ... transmuted by the player character
             ... hexed by the player character
             ... on level 2 of the Orcish Mines on Oct 11, 2019.
             The game lasted 01:41:51 (20955 turns).

MisterOstroum the Covert (Gnoll Enchanter)         Turns: 20955, Time: 01:41:52

Health: -1/99      AC: 18    Str: 14    XL:     13   Next: 82%
Magic:  16/26      EV: 25    Int: 25    God:    Ashenzari [****..]
Gold:   1718       SH:  7    Dex: 19    Spells: 9/31 levels left

rFire    . . .     SeeInvis +   b - +2 short sword (freeze)
rCold    + . .     Gourm    .   H - +0 buckler
rNeg     . . .     Faith    .   q - +2 leather armour of the Centipede {MR+ Str+4}
rPois    +         Spirit   .   (no helmet)
rElec    .         Reflect  .   r - +2 cloak (curse)
rCorr    +         Harm     .   o - +2 pair of gloves {archery}
MR       +....     Clarity  +   L - +2 pair of boots (curse)
Stlth    +++++.....             g - amulet of regeneration (curse)
HPRegen  0.66/turn              n - ring "Usu Wobb" {rPois rCorr Int+3} (curse)
MPRegen  0.20/turn              D - +6 ring of evasion (curse)

@: no status effects
A: distributed training, fangs 1, molten scales 1, thin skeletal structure 1,
cold resistance 1, poison resistance, strong nose
a: Curse Item, Scrying, Renounce Religion


You were on level 2 of the Orcish Mines.
You worshipped Ashenzari.
Ashenzari was greatly pleased with you.
You were hungry.

You visited 4 branches of the dungeon, and saw 19 of its levels.
You also visited: Sewer, Bailey and Gauntlet.

You collected 1718 gold pieces.

Inventory:

Hand Weapons
 b - a +2 short sword of freezing (weapon)
 c - a +0 hunting sling
 N - a +0 scimitar of electrocution
Missiles
 h - 9 silver boomerangs
 m - 49 poisoned darts (quivered)
 p - 8 throwing nets {!f}
 v - 126 arrows
 E - 17 javelins
 G - 5 atropa-tipped darts
Armour
 o - a +2 pair of gloves of archery (worn)
 q - the +2 leather armour of the Centipede (worn) {MR+ Str+4}
   (You found it in a bailey)

   It affects your strength (+4).
   It affects your resistance to hostile enchantments.
 r - a cursed +2 cloak (worn)
 H - a +0 buckler (worn)
 L - a cursed +2 pair of boots (worn)
Jewellery
 g - a cursed amulet of regeneration (around neck)
 n - the cursed ring "Usu Wobb" (left hand) {rPois rCorr Int+3}
   (You found it on level 5 of the Dungeon)

   [ring of resist corrosion]

   It affects your intelligence (+3).
   It protects you from poison.
   It provides partial protection from all sources of acid and corrosion.
   It has a curse placed upon it.
 u - the ring of the Country {+Fly rPois rN+ Slay+6 Stlth-}
   (You found it in a Gauntlet)

   [ring of flight]

   It affects your accuracy and damage with ranged weapons and melee attacks
   (+6).
   It protects you from poison.
   It protects you from negative energy.
   It lets you fly.
   It makes you less stealthy.
 D - a cursed +6 ring of evasion (right hand)
Wands
 a - a wand of random effects (10)
 S - a wand of polymorph (10)
 U - a wand of digging (4)
 V - a wand of acid (8)
 W - a wand of disintegration (16)
 X - a wand of paralysis (8)
 Y - a wand of clouds (13)
Scrolls
 d - 2 scrolls of brand weapon {unknown}
 f - a scroll of immolation
 j - 5 scrolls of identify {@r1}
 l - 4 scrolls of fog {!r}
 s - 12 scrolls of teleportation {@r3 !r}
 w - a scroll of enchant weapon
 y - 5 scrolls of blinking {@r4}
 F - 2 scrolls of remove curse {@r2}
 O - a scroll of acquirement
 Q - a scroll of silence
 R - a scroll of magic mapping {@r5 !r}
 T - 5 scrolls of fear {!r}
Potions
 i - 3 potions of agility {@q5 !q}
 k - 3 potions of ambrosia
 t - a potion of resistance
 x - 5 potions of brilliance
 z - 3 potions of might {@q3 !q}
 A - 5 potions of heal wounds {@q2 !q}
 B - 3 potions of haste {@q4 !q}
 C - 6 potions of curing {@q1 !q}
 I - 3 potions of lignification {@q6}
 K - 2 potions of magic
 M - a potion of flight
 P - 3 potions of mutation
 Z - a potion of berserk rage
Comestibles
 e - 31 rations
 J - 18 chunks of flesh


   Skills:
 + Level 8.5 Fighting
 + Level 8.9 Short Blades
 + Level 8.5 Long Blades
 + Level 8.5 Axes
 + Level 8.5 Maces & Flails
 + Level 8.5 Polearms
 + Level 8.5 Staves
 + Level 8.5 Slings
 + Level 8.5 Bows
 + Level 8.5 Crossbows
 + Level 8.5 Throwing
 + Level 8.5 Armour
 + Level 9.7 Dodging
 + Level 10.3 Stealth
 + Level 8.5 Shields
 + Level 8.5 Unarmed Combat
 + Level 9.9 Spellcasting
 + Level 7.0(10.5) Conjurations
 + Level 9.0(12.3) Hexes
 + Level 7.0(10.5) Charms
 + Level 7.0(10.5) Summonings
 + Level 7.0(10.5) Necromancy
 + Level 7.0(10.5) Translocations
 + Level 7.0(10.5) Transmutations
 + Level 7.0(10.5) Fire Magic
 + Level 7.0(10.5) Ice Magic
 + Level 7.0(10.5) Air Magic
 + Level 7.0(10.5) Earth Magic
 + Level 7.0(10.5) Poison Magic
 + Level 9.3 Invocations
 + Level 8.5(11.9) Evocations


You had 9 spell levels left.
You knew the following spells:

 Your Spells              Type           Power        Failure   Level  Hunger
a - Corona                Hex            ######.      1%          1    None
b - Ensorcelled Hibernat  Hex/Ice        ######       1%          2    None
c - Confuse               Hex            ######..     1%          3    None
d - Tukima's Dance        Hex            ######..     1%          3    None
e - Dazzling Spray        Conj/Hex       ######       1%          3    None
f - Call Canine Familiar  Summ           ######..     1%          3    None
g - Summon Small Mammal   Summ           ####         1%          1    None
h - Summon Lightning Spi  Summ/Air       ######..     1%          4    #......
i - Sticks to Snakes      Tmut           ######..     1%          2    None

Your spell library contained the following spells:

 Spells                   Type           Power        Failure   Level  Hunger
 Animate Skeleton         Necr           N/A          1%          1    None
 Beastly Appendage        Tmut           ######       1%          1    None
 Confusing Touch          Hex            ######       1%          1    None
 Call Imp                 Summ           ######..     1%          2    None
 Gell's Gravitas          Tloc           ######....   1%          3    None
 Spider Form              Tmut/Pois      ######....   1%          3    None
 Summon Guardian Golem    Hex/Summ       ######..     1%          3    None
 Ice Form                 Ice/Tmut       ######..     1%          4    #......
 Iskenderun's Mystic Bla  Conj           ######..     1%          4    #......
 Petrify                  Tmut/Erth      ######..     1%          4    #......
 Summon Ice Beast         Ice/Summ       ######..     1%          4    #......
 Metabolic Englaciation   Hex/Ice        ######....   1%          5    ####...
 Yara's Violent Unravell  Hex/Tmut       ######....   1%          5    ####...
 Blade Hands              Tmut           ######....   2%          5    ####...
 Dispel Undead            Necr           ######..     2%          5    ####...
 Conjure Ball Lightning   Conj/Air       ######....   12%         6    ######.


Dungeon Overview and Level Annotations

Branches:
Dungeon (10/15)            Temple (1/1) D:5            Lair (6/6) D:9
  Swamp (0/4) Lair:2       Spider (0/4) Lair:3        Slime (0/5) Lair:6
    Orc (2/2) D:9             Elf (0/3) Orc:2         Sewer (visited)
 Bailey (visited)         Gauntlet (visited)

Altars:
Ashenzari
Cheibriados
Dithmenos
Elyvilon
Fedhas
Gozag
Hepliaklqana
Kikubaaqudgha
Makhleb
Nemelex Xobeh
Okawaru
Qazlal
Ru
Sif Muna
Trog
Uskayaw
Vehumet
Wu Jian
Xom
Yredelemnul
Zin
The Shining One
Beogh

Shops:
D:10 *   Orc:2 }[(=

Annotations:
Lair:1 exclusion: 2 hydras
Lair:6 exclusions: door and oklob plant


Innate Abilities, Weirdness & Mutations

Your experience applies equally to all skills.
You have very sharp teeth.
Your uncanny sense of smell can sniff out nearby items.
You are partially covered in molten scales. (AC +2)
You have a somewhat thin skeletal structure. (Dex +2, Stealth)
Your flesh is cold resistant. (rC+)
Your system is resistant to poisons. (rPois)


Message History

Your water moccasin bites the wraith but does no damage.
Your adder closely misses the wraith.
Your adder bites Josephine but does no damage.
Your adder bites the wraith.
The wraith barely misses you.
You hit the wraith but do no damage. Your bite misses the wraith.
The wraith is heavily damaged.
You are feeling hungry.
Your adder bites the wraith but does no damage.
The wraith misses your adder.
Your adder closely misses the wraith.
Your water moccasin barely misses the wraith.
Your adder bites the wraith but does no damage.
Your adder bites the wraith.
Your adder barely misses Josephine.
Your adder bites the wraith.
You hit the wraith.
The wraith is heavily damaged.
Your adder bites the wraith but does no damage.
The wraith barely misses your adder.
Josephine hits your adder with a +0 dagger!
Your adder dies!
The wraith hits your adder.
Your water moccasin bites the wraith but does no damage.
Your adder closely misses the wraith.
The wraith misses you.
Your adder bites the wraith but does no damage.
Your adder bites Josephine.
Josephine looks as sick as possible!
Your adder poisons Josephine!
The wraith closely misses your adder.
Your adder closely misses the wraith.
Your adder barely misses the wraith.
You hit the wraith but do no damage.
The wraith is heavily damaged.
Your water moccasin bites the wraith but does no damage.
Your adder bites the wraith.
The wraith completely misses your adder.
Your adder closely misses the wraith.
Josephine hits your adder with a +0 dagger!
The wraith hits your adder. The wraith drains your adder's vigour!
Your adder seems to slow down.
Your adder bites Josephine.
Your adder closely misses the wraith.
The wraith completely misses you.
Your adder closely misses the wraith.
Your adder bites the wraith but does no damage.
You hit the wraith but do no damage.
The wraith is heavily damaged.
The wraith hits your adder.
Your water moccasin barely misses the wraith.
Your adder bites the wraith but does no damage. x2
Okay, then.
Unknown command.
Really read the scroll of immolation?
As you read the scroll of immolation, it crumbles to dust.
The creatures around you are filled with an inner flame!
Your adder barely misses the wraith.
Your adder bites the wraith but does no damage.
Your adder barely misses the wraith.
The wraith hits your adder. The wraith drains your adder's vigour!
Your adder seems to slow down.
Josephine closely misses your adder.
The wraith completely misses your adder.
Your water moccasin closely misses the wraith.
The wraith closely misses your adder. The wraith hits your adder!
Your adder explodes!
The fiery explosion engulfs the wraith!!
The wraith is almost destroyed.
The fiery explosion engulfs your lightning spire.
Your lightning spire resists.
Your lightning spire is lightly damaged.
The fiery explosion engulfs Josephine!!!
Josephine explodes!
The fiery explosion engulfs the wraith!!
The wraith explodes!
The fiery explosion engulfs the wraith!!
The wraith explodes!
The fiery explosion engulfs your adder!!
Your adder explodes!
The fiery explosion engulfs your adder!!!
Your adder explodes!
The fiery explosion engulfs the wraith!!!
The wraith explodes!
The fiery explosion engulfs your water moccasin!!!
Your water moccasin explodes!
The fiery explosion engulfs your adder!!
Your adder explodes!
The fiery explosion engulfs the wraith!!!
The wraith explodes!
The fiery explosion engulfs the lightning spire.
The lightning spire resists.
The lightning spire is moderately damaged.
The fiery explosion engulfs your adder!!!
Your adder explodes!
The fiery explosion engulfs you!!
The fiery explosion engulfs your adder!!!
Your adder explodes!
The fiery explosion engulfs you!! The fiery explosion engulfs your adder.
Your adder is heavily wounded.
The fiery explosion engulfs the adder!!!
The adder explodes!
The fiery explosion engulfs the lightning spire.
The lightning spire resists.
The lightning spire is heavily damaged.
The fiery explosion engulfs your water moccasin!!
Your water moccasin is almost dead.
The fiery explosion engulfs you!!!
You die...

*, , , * , * ###.##
*..............##, * ####
#............#.., #
.....§§.§.......,, #
#.....§§§.......,,,#####
.....§§§§§......, ,.....
....§§8§§§...... ..... *
...§§§§§S......######..#
...§§§§@S......#∩...#..#
*
,.#.§§§§§.......#....#..#
*
.....§.§.......#....#..#
,
.........>.....#....#..#
...............###'##...
*
..................[.....
........)......###'##...
*
...............#....#...
**#........).)..#....#..#


You could see a water moccasin (inner flame), a lightning spire and a friendly
adder (inner flame).

Vanquished Creatures
  Kirke (Lair:4)
  An orc warlord (Orc:2)
  A stone giant (Orc:2)
  A minotaur (Gauntlet)
  Snorg (Lair:4)
  A hydra (Lair:6)
  2 orc high priests (Orc:2)
  A wizard (Lair:6)
  2 orc knights
  A worldbinder (Gauntlet)
  A torpor snail (Lair:6)
  10 spiny frogs
  3 rime drakes
  A kobold demonologist (Bailey)
  10 komodo dragons
  2 trolls (Orc:2)
  A jumping spider (Lair:3)
  2 polar bears (Lair:6)
  A bog body (Lair:2)
  6 dream sheep
  A slime creature (Lair:6)
  6 hippogriffs
  2 humans
  9 yaks
  A wraith (Orc:2)
  5 hogs
  A basilisk (Lair:6)
  A hungry ghost (D:7)
  4 swamp worms (Lair:2)
  5 wargs (Orc:2)
  14 porcupines
  An acid dragon (Gauntlet)
  7 water moccasins
  A hell hound (Lair:6)
  16 orc warriors
  3 sky beasts
  An ice beast (D:7)
  2 phantoms
  7 ogres
  A boggart (Gauntlet)
  2 wolves (Lair:6)
  3 centaurs
  10 crocodiles
  6 bullfrogs
  2 scorpions
  5 killer bees (D:7)
  A howler monkey (D:4)
  4 electric eels (Bailey)
  5 crimson imps
  2 bullfrog zombies
  A centaur zombie (D:5)
  5 hounds
  4 jellies
  26 orc priests
  A quasit (D:10)
  4 bullfrog skeletons
  A gnoll shaman (D:9)
  2 centaur skeletons (D:4)
  An iguana (D:6)
  Terence (D:1)
  16 orc wizards
  A worker ant (D:5)
  2 hound skeletons
  15 adders
  5 gnolls
  6 river rats (Sewer)
  2 shadow imps
  3 oozes (D:2)
  3 worms (D:4)
  3 dart slugs
  4 leopard geckos
  62 orcs
  6 giant cockroaches
  12 goblins
  12 hobgoblins
  6 jackals (D:2)
  4 quokkas
  15 ball pythons
  3 bats (D:3)
  13 frilled lizards
  A jackal zombie (D:7)
  8 kobolds
  A quokka zombie (D:5)
  31 rats
457 creatures vanquished.

Vanquished Creatures (collateral kills)
  Harold (D:7)
  2 hydras (Lair:6)
  3 orc high priests (Orc:2)
  2 wizards (Gauntlet)
  An oklob plant (Gauntlet)
  A spiny frog (Lair:6)
  A kobold demonologist (Bailey)
  3 rime drakes (Lair:6)
  10 dream sheep
  A hippogriff (Lair:1)
  5 yaks
  A wraith (Orc:2)
  2 hogs (Lair:4)
  2 wargs (Orc:2)
  A porcupine (Lair:3)
  8 orc warriors
  3 wolves (Lair:6)
  An ogre (D:6)
  4 crocodiles
  A bullfrog (Lair:5)
  A jelly (Lair:6)
  10 orc priests
  3 orc wizards
  8 gnolls
  2 shadow imps (Gauntlet)
  3 white imps (Gauntlet)
  31 orcs
  4 hobgoblins (Bailey)
  3 goblins (Bailey)
118 creatures vanquished.

Vanquished Creatures (others)
  A wizard (D:9)
  A dancing weapon (D:7)
  An electric eel (Lair:2)
  A demonic plant (Gauntlet)
  3 fungi
7 creatures vanquished.

Grand Total: 582 creatures vanquished

Notes
Turn   | Place    | Note
-------+----------+-------------------------------------------
     0 | D:1      | MisterOstroum the Gnoll Enchanter began the quest for the
                  | Orb.
     0 | D:1      | Reached XP level 1. HP: 13/13 MP: 6/6
   180 | D:1      | Reached XP level 2. HP: 17/19 MP: 7/7
   269 | D:1      | Learned a level 2 spell: Ensorcelled Hibernation
  1374 | D:1      | Reached skill level 5 in Spellcasting
  1374 | D:1      | Reached XP level 3. HP: 25/25 MP: 5/9
  1701 | D:2      | Reached skill level 6 in Stealth
  1711 | D:2      | Reached skill level 1 in Invocations
  1766 | D:2      | Reached skill level 1 in Fighting
  1766 | D:2      | Reached skill level 1 in Long Blades
  1766 | D:2      | Reached skill level 1 in Axes
  1766 | D:2      | Reached skill level 1 in Maces & Flails
  1766 | D:2      | Reached skill level 1 in Polearms
  1766 | D:2      | Reached skill level 1 in Staves
  1766 | D:2      | Reached skill level 1 in Slings
  1766 | D:2      | Reached skill level 1 in Bows
  1766 | D:2      | Reached skill level 1 in Crossbows
  1766 | D:2      | Reached skill level 1 in Throwing
  1766 | D:2      | Reached skill level 1 in Armour
  1766 | D:2      | Reached skill level 1 in Shields
  1766 | D:2      | Reached skill level 1 in Unarmed Combat
  1766 | D:2      | Reached skill level 1 in Evocations
  1777 | D:2      | Reached XP level 4. HP: 18/32 MP: 2/11
  1786 | D:2      | Learned a level 3 spell: Confuse
  1920 | D:2      | Learned a level 3 spell: Tukima's Dance
  1924 | D:2      | Learned a level 3 spell: Dazzling Spray
  1949 | D:2      | Noticed Terence
  2034 | D:1      | Killed Terence
  2146 | D:2      | Reached skill level 1 in Conjurations
  2146 | D:2      | Reached skill level 1 in Charms
  2146 | D:2      | Reached skill level 1 in Summonings
  2146 | D:2      | Reached skill level 1 in Necromancy
  2146 | D:2      | Reached skill level 1 in Translocations
  2146 | D:2      | Reached skill level 1 in Transmutations
  2146 | D:2      | Reached skill level 1 in Fire Magic
  2146 | D:2      | Reached skill level 1 in Ice Magic
  2146 | D:2      | Reached skill level 1 in Air Magic
  2146 | D:2      | Reached skill level 1 in Earth Magic
  2146 | D:2      | Reached skill level 1 in Poison Magic
  2524 | D:2      | Reached XP level 5. HP: 7/37 MP: 1/12
  3102 | D:3      | Found a glowing drain.
  3235 | Sewer    | Entered a sewer
  3542 | Sewer    | Reached XP level 6. HP: 44/44 MP: 13/13
  4008 | Sewer    | Reached skill level 5 in Dodging
  4398 | D:3      | Reached XP level 7. HP: 45/50 MP: 12/15
  4646 | D:3      | Found a burning altar of Makhleb.
  5057 | D:4      | You fall into a shaft and drop 3 floors!
  5199 | D:7      | Noticed a yak
  5231 | D:7      | Reached XP level 8. HP: 56/57 MP: 8/16
  5300 | D:5      | Entered Level 5 of the Dungeon
  5520 | D:4      | Learned a level 3 spell: Call Canine Familiar
  5522 | D:4      | Learned a level 1 spell: Summon Small Mammal
  6324 | D:5      | Got a bound ivory ring
  6326 | D:5      | Identified the ring "Usu Wobb" {rPois rCorr Int+3} (You
                  | found it on level 5 of the Dungeon)
  6407 | D:5      | Found a staircase to the Ecumenical Temple.
  6414 | Temple   | Entered the Ecumenical Temple
  6517 | Temple   | Became a worshipper of Ashenzari the Shackled
  6648 | D:5      | Found a white marble altar of Elyvilon.
  6702 | D:5      | Gained mutation: Your system is resistant to poisons.
                  | (rPois) [potion of mutation]
  6702 | D:5      | Gained mutation: You are frail. (-10% HP) [potion of
                  | mutation]
  6702 | D:5      | Gained mutation: You are partially covered in molten
                  | scales. (AC +2) [potion of mutation]
  6702 | D:5      | Gained mutation: You can translocate small distances at
                  | will. [potion of mutation]
  6703 | D:5      | Lost mutation: You can translocate small distances at will.
                  | [potion of mutation]
  6703 | D:5      | Lost mutation: You are frail. (-10% HP) [potion of
                  | mutation]
  6703 | D:5      | Gained mutation: You have a somewhat thin skeletal
                  | structure. (Dex +2, Stealth) [potion of mutation]
  6703 | D:5      | Gained mutation: Your flesh is cold resistant. (rC+)
                  | [potion of mutation]
  6824 | D:5      | Reached skill level 7 in Stealth
  7057 | D:6      | Found a burning altar of Makhleb.
  7121 | D:5      | Reached XP level 9. HP: 37/65 MP: 2/18
  7573 | D:6      | Upgraded the game from 0.24-a0-789-g35933f4585 to
                  | 0.24-a0-809-g71cb82dfb8
  7987 | D:7      | Reached skill level 5 in Short Blades
  8120 | D:7      | Learned a level 4 spell: Summon Lightning Spire
  8250 | D:7      | Reached skill level 5 in Invocations
  8381 | D:7      | Reached XP level 10. HP: 73/73 MP: 7/20
  8575 | D:7      | Identified the ring of Oboez {rElec Dex+3 Stlth-}
  8786 | D:7      | Noticed Harold
  9086 | D:8      | Found a flagged portal.
  9144 | Bailey   | Entered a bailey
  9316 | Bailey   | Found an iron altar of Okawaru.
  9316 | Bailey   | Noticed a kobold demonologist
  9316 | Bailey   | Noticed a kobold demonologist
  9325 | Bailey   | Killed a kobold demonologist
  9325 | Bailey   | Reached skill level 5 in Fighting
  9325 | Bailey   | Reached skill level 5 in Long Blades
  9325 | Bailey   | Reached skill level 5 in Axes
  9325 | Bailey   | Reached skill level 5 in Maces & Flails
  9325 | Bailey   | Reached skill level 5 in Polearms
  9325 | Bailey   | Reached skill level 5 in Staves
  9325 | Bailey   | Reached skill level 5 in Slings
  9325 | Bailey   | Reached skill level 5 in Bows
  9325 | Bailey   | Reached skill level 5 in Crossbows
  9325 | Bailey   | Reached skill level 5 in Throwing
  9325 | Bailey   | Reached skill level 5 in Armour
  9325 | Bailey   | Reached skill level 5 in Shields
  9325 | Bailey   | Reached skill level 5 in Unarmed Combat
  9325 | Bailey   | Reached skill level 5 in Evocations
  9329 | Bailey   | Killed a kobold demonologist
  9408 | Bailey   | Reached * piety under Ashenzari
  9537 | Bailey   | Reached skill level 8 in Stealth
  9935 | Bailey   | Noticed an orc knight
  9949 | Bailey   | Killed an orc knight
 10031 | Bailey   | Identified a scroll of acquirement
 10225 | Bailey   | Got the uncursed leather armour of the Centipede {MR+
                  | Str+4}
 10437 | D:7      | Killed Harold
 10537 | D:8      | Identified the ring "Faom" {*Tele rF+ Dex-4 Stlth+}
 11328 | D:9      | Reached XP level 11. HP: 81/81 MP: 12/22
 11460 | D:9      | Found a staircase to the Lair.
 11603 | D:9      | Found a staircase to the Orcish Mines.
 12011 | D:9      | Found a bloodstained altar of Trog.
 12012 | D:9      | Noticed a wizard
 12016 | D:9      | Killed a wizard
 12036 | D:9      | Identified the +2 leather armour of the Centipede {MR+
                  | Str+4} (You found it in a bailey)
 12068 | D:10     | Entered Level 10 of the Dungeon
 12068 | D:10     | Found Ryergheti's Changing Room.
 12135 | Lair:1   | Entered Level 1 of the Lair of Beasts
 12172 | Lair:1   | Reached skill level 5 in Conjurations
 12172 | Lair:1   | Reached skill level 5 in Charms
 12172 | Lair:1   | Reached skill level 5 in Summonings
 12172 | Lair:1   | Reached skill level 5 in Necromancy
 12172 | Lair:1   | Reached skill level 5 in Translocations
 12172 | Lair:1   | Reached skill level 5 in Transmutations
 12172 | Lair:1   | Reached skill level 5 in Fire Magic
 12172 | Lair:1   | Reached skill level 5 in Ice Magic
 12172 | Lair:1   | Reached skill level 5 in Air Magic
 12172 | Lair:1   | Reached skill level 5 in Earth Magic
 12172 | Lair:1   | Reached skill level 5 in Poison Magic
 12269 | Lair:1   | Reached ** piety under Ashenzari
 12307 | Lair:1   | Noticed an eight-headed hydra
 12694 | Lair:1   | Noticed a six-headed hydra
 13294 | Lair:2   | Found a staircase to the Swamp.
 13892 | Lair:3   | Found a hole to the Spider Nest.
 13914 | Lair:3   | Reached skill level 9 in Stealth
 14241 | Lair:3   | Reached XP level 12. HP: 83/89 MP: 24/24
 14799 | Lair:4   | Noticed Kirke
 14821 | Lair:4   | Killed Kirke
 15214 | Lair:4   | Reached *** piety under Ashenzari
 15411 | Lair:4   | Noticed Snorg
 15421 | Lair:4   | Killed Snorg
 15874 | Lair:4   | Learned a level 2 spell: Sticks to Snakes
 16040 | Lair:5   | Found a sparkling altar of Nemelex Xobeh.
 16044 | Lair:5   | Found a gate leading to a gauntlet.
 16089 | Gauntlet | Entered a Gauntlet
 16089 | Gauntlet | Found a transporter.
 16089 | Gauntlet | Found a transporter.
 16112 | Gauntlet | Found a transporter.
 16116 | Gauntlet | Found a transporter.
 16124 | Gauntlet | Found a transporter.
 16128 | Gauntlet | Found a transporter.
 16134 | Gauntlet | Found a runed translucent gate.
 16134 | Gauntlet | Found a runed translucent gate.
 16134 | Gauntlet | Found a runed translucent gate.
 16136 | Gauntlet | Found a transporter.
 16146 | Gauntlet | Identified the ring of the Country {+Fly rPois rN+ Slay+6
                  | Stlth-}
 16152 | Gauntlet | Found a transporter.
 16166 | Gauntlet | Found a transporter.
 16170 | Gauntlet | Found a transporter.
 16178 | Gauntlet | Found a transporter.
 16182 | Gauntlet | Found a transporter.
 16549 | Gauntlet | Noticed a minotaur
 16575 | Gauntlet | Killed a minotaur
 16708 | Gauntlet | Identified the Collected Works on Unholy Arts and
                  | Confrontation
 16710 | Gauntlet | Got the hand axe of Neraoching {chop, *Corrode rF- Int+9
                  | Dex+6}
 17072 | Lair:5   | Reached XP level 13. HP: 95/98 MP: 13/26
 17385 | Lair:5   | Reached **** piety under Ashenzari
 17575 | Lair:6   | Entered Level 6 of the Lair of Beasts
 17578 | Lair:6   | Found a staircase to the Slime Pits.
 18033 | Lair:6   | Reached skill level 10 in Stealth
 19127 | Lair:6   | Found a shadowy altar of Dithmenos.
 19366 | Orc:1    | Entered Level 1 of the Orcish Mines
 19477 | Orc:2    | Entered Level 2 of the Orcish Mines
 19477 | Orc:2    | Noticed a stone giant
 19493 | Orc:2    | Killed a stone giant
 20017 | Orc:2    | Found a roughly hewn altar of Beogh.
 20105 | Orc:2    | Found Nohir's Antique Armour Shoppe.
 20105 | Orc:2    | Found Ruerebaq's Gadget Shop.
 20432 | Orc:2    | Found Xacwus's Antique Weapon Shop.
 20518 | Orc:2    | Found Ejel's Jewellery Shoppe.
 20698 | Orc:2    | Noticed an orc warlord
 20712 | Orc:2    | Killed an orc warlord
 20787 | Orc:2    | Found a staircase to the Elven Halls.
 20941 | Orc:2    | Noticed Josephine
 20955 | Orc:2    | Killed Josephine
 20955 | Orc:2    | Killed from afar by an adder

Levels and vault maps discovered:
D:1:      lemuel_arrival_rhombus, layout_basic
D:2:      layout_basic, kennysheep_boxes, uniq_terence
D:3:      layout_basic, first_ration, gup_sewer_entry_glass,
          makhleb_blood_cavern_becter
D:4:      layout_basic, hangedman_decor_opposing, minmay_pentomino_pile
D:5:      layout_gridville, elyvilon_altar_5, minmay_temple_entry_butterflies
D:6:      layout_rooms, basic_altar
D:7:      layout_loops_cross, minivault_22, uniq_harold
D:8:      layout_rooms, enter_bailey_3
D:9:      layout_cave_pools, lair_entry_dummy, orc_0_dummy, grunt_livestock,
          minmay_misc_feat_room, trog_wizard
D:10:     layout_roguey, enter_trove_0, nicolae_transmutations_shop
Temple:   kilobyte_greek_temple
Lair:1:   layout_concentric_octagons, grunt_megastairs_2, serial_bayou_shore_b
Lair:2:   layout_roguey, nicolae_swamp_entry_splash_gauntlet
Lair:3:   layout_small_grid, spider_nest_entry_a
Lair:4:   layout_loops_ring, uniq_snorg, uniq_kirke
Lair:5:   layout_roguey, basic_altar, gauntlet_entry_generic, serial_forest,
          infiniplex_forest_3_way, infiniplex_forest_clump_tiny,
          infiniplex_forest_lined_room_2, infiniplex_forest_end_1,
          infiniplex_forest_end_2, infiniplex_forest_clump_tiny,
          infiniplex_forest_clump_cross, infiniplex_forest_zigzag_2,
          minivault_23, nicolae_quartered_pool_little, serial_bayou_shore_b
Lair:6:   evil_forest, layout_layer_cave, minmay_slime_entry_pillars,
          minivault_23, lemuel_oklob_altar
Orc:1:    layout_caves
Orc:2:    st_orc_town, layout_caves, uniq_josephine

Skill      XL: |  1  2  3  4  5  6  7  8  9 10 11 12 13 |
---------------+----------------------------------------+-----
Spellcasting   | 5 6 7 8 9 |  9.9
Stealth        | 6 7 8 9 10 | 10.3
Invocations    | 1 2 3 4 5 6 7 8 9 |  9.3
Fighting       | 1 2 3 4 5 6 7 8 |  8.5
Long Blades    | 1 2 3 4 5 6 7 8 |  8.5
Axes           | 1 2 3 4 5 6 7 8 |  8.5
Maces & Flails | 1 2 3 4 5 6 7 8 |  8.5
Polearms       | 1 2 3 4 5 6 7 8 |  8.5
Staves         | 1 2 3 4 5 6 7 8 |  8.5
Slings         | 1 2 3 4 5 6 7 8 |  8.5
Bows           | 1 2 3 4 5 6 7 8 |  8.5
Crossbows      | 1 2 3 4 5 6 7 8 |  8.5
Throwing       | 1 2 3 4 5 6 7 8 |  8.5
Armour         | 1 2 3 4 5 6 7 8 |  8.5
Shields        | 1 2 3 4 5 6 7 8 |  8.5
Unarmed Combat | 1 2 3 4 5 6 7 8 |  8.5
Evocations     | 1 2 3 4 5 6 7 8 |  8.5
Conjurations   | 1 2 3 4 5 6 7 |  7.0
Charms         | 1 2 3 4 5 6 7 |  7.0
Summonings     | 1 2 3 4 5 6 7 |  7.0
Necromancy     | 1 2 3 4 5 6 7 |  7.0
Translocations | 1 2 3 4 5 6 7 |  7.0
Transmutations | 1 2 3 4 5 6 7 |  7.0
Fire Magic     | 1 2 3 4 5 6 7 |  7.0
Ice Magic      | 1 2 3 4 5 6 7 |  7.0
Air Magic      | 1 2 3 4 5 6 7 |  7.0
Earth Magic    | 1 2 3 4 5 6 7 |  7.0
Poison Magic   | 1 2 3 4 5 6 7 |  7.0
Short Blades   | 3 4 5 6 7 8 |  8.9
Dodging        | 5 6 7 8 9 |  9.7
Hexes          | 6 7 8 9 |  9.0

Action                   |  1- 3 |  4- 6 |  7- 9 | 10-12 | 13-15 || total
-------------------------+-------+-------+-------+-------+-------++-------
Melee: Dagger            |    63 |   256 |     6 |       |       ||   325
       Bite              |     9 |    31 |    22 |    53 |    50 ||   165
       Short sword       |    21 |     3 |   271 |   417 |   334 ||  1046
       Punch             |       |     2 |       |       |       ||     2
       Scimitar          |       |       |       |    21 |     4 ||    25
Throw: Stone             |     2 |    14 |       |       |       ||    16
       Dart              |       |    43 |    19 |    22 |     8 ||    92
 Cast: Ensorcelled Hiber |    13 |    36 |    29 |    13 |    24 ||   115
       Corona            |     1 |     8 |       |       |       ||     9
       Tukima's Dance    |       |     4 |     9 |     2 |     2 ||    17
       Confuse           |       |     4 |    23 |    48 |    25 ||   100
       Dazzling Spray    |       |       |    11 |    63 |     5 ||    79
       Summon Lightning  |       |       |     1 |    40 |    23 ||    64
       Summon Small Mamm |       |       |     1 |     2 |     1 ||     4
       Call Canine Famil |       |       |     1 |     2 |       ||     3
       Sticks to Snakes  |       |       |       |     5 |    13 ||    18
Invok: Curse Item        |       |       |     2 |     3 |       ||     5
Evoke: Wand              |       |       |       |     1 |       ||     1
  Use: Scroll            |     3 |     6 |    13 |    12 |     1 ||    35
       Potion            |       |     1 |     2 |     2 |       ||     5
 Stab: Sleeping          |    10 |    23 |    35 |    50 |    21 ||   139
       Distracted        |       |     2 |       |     8 |     9 ||    19
       Confused          |       |     1 |    10 |    24 |    11 ||    46
       Invisible         |       |       |     5 |    10 |       ||    15
  Eat: Chunk             |     2 |    10 |    13 |    31 |    12 ||    68
Armor: Robe              |     8 |    33 |    18 |    37 |       ||    96
       Ring mail         |       |     9 |       |       |       ||     9
       Leather armour    |       |       |       |    21 |    37 ||    58
Dodge: Dodged            |    71 |   310 |   154 |   289 |   217 ||  1041
Block: Buckler           |       |       |    36 |   101 |    89 ||   226
       Rpst.: Scimitar   |       |       |       |     8 |     1 ||     9

Table legend:
 A = Non-vault XP
 B = Vault XP
 C = Vault XP percentage of total XP
 D = Non-vault monster count
 E = Vault monster count
 F = Vault count percentage of total count
                 A         B        C        D         E       F
            +---------+---------+-------+---------+---------+-------
      Total |   29903 |   20526 |  40.7 |     359 |     215 |  37.5
            +---------+---------+-------+---------+---------+-------
        D:1 |      44 |      27 |  38.0 |      19 |       1 |   5.0
        D:2 |     110 |       0 |   0.0 |      24 |       0 |   0.0
        D:3 |      58 |      87 |  60.0 |      22 |       6 |  21.4
        D:4 |     316 |      96 |  23.3 |      20 |       4 |  16.7
        D:5 |     730 |       0 |   0.0 |      17 |       0 |   0.0
        D:6 |     862 |       0 |   0.0 |      20 |       0 |   0.0
        D:7 |    2683 |     488 |  15.4 |      49 |       1 |   2.0
        D:8 |     829 |       7 |   0.8 |      28 |       4 |  12.5
        D:9 |     825 |     848 |  50.7 |      20 |       5 |  20.0
       D:10 |      42 |       0 |   0.0 |       1 |       0 |   0.0
     Lair:1 |    2044 |     149 |   6.8 |      10 |       1 |   9.1
     Lair:2 |    2215 |     883 |  28.5 |      11 |       5 |  31.2
     Lair:3 |    3602 |     301 |   7.7 |      21 |       1 |   4.5
     Lair:4 |    2867 |    3410 |  54.3 |      16 |       5 |  23.8
     Lair:5 |    3771 |       0 |   0.0 |      18 |       0 |   0.0
     Lair:6 |    4196 |    3964 |  48.6 |      20 |      19 |  48.7
      Orc:2 |    4709 |    4634 |  49.6 |      43 |      59 |  57.8
      Sewer |       0 |     344 | 100.0 |       0 |      48 | 100.0
     Bailey |       0 |    2432 | 100.0 |       0 |      43 | 100.0
   Gauntlet |       0 |    2856 | 100.0 |       0 |      13 | 100.0
            +---------+---------+-------+---------+---------+-------
